 Dungeon Crawl Stone Soup version 0.30-a0-165-g1891117ce2 (webtiles) character file.

Game seed: 3757150109129453731

803 qw the Chopper (level 7, -1/43 HPs)
             Began as a Gargoyle Fighter on Sept 28, 2022.
             Slain by a gnoll
             ... wielding a +0 halberd
             ... led by a gnoll bouda
              (5 damage)
             ... on level 5 of the Dungeon.
             The game lasted 00:01:36 (3633 turns).

qw the Chopper (Gargoyle Fighter)                   Turns: 3633, Time: 00:01:37

Health: -1/43      AC: 22    Str: 21    XL:     7   Next: 91%
Magic:  7/7        EV:  2    Int:  9    God:
Gold:   107        SH:  4    Dex:  9    Spells: 6/6 levels left

rFire   . . .      SeeInvis .    Y - +0 war axe
rCold   . . .      Faith    .    c - +0 buckler
rNeg    + . .      Spirit   .    a - +1 crystal plate armour of the Eternal Void {Stlth+}
rPois   inf        Reflect  .    (no helmet)
rElec   +          Harm     .    (no cloak)
rCorr   .          Rampage  .    (no gloves)
Will    .....                    (no boots)
Stlth   ..........               n - amulet of regeneration
HPRegen 0.94/turn                (no ring)
MPRegen 0.10/turn                (no ring)

@: no status effects
A: sickness immunity, AC +4, negative energy resistance 1, electricity
resistance, torment resistance 1, petrification resistance
a: no special abilities


You were on level 5 of the Dungeon.
You visited 1 branch of the dungeon, and saw 5 of its levels.

You collected 170 gold pieces.
You spent 63 gold pieces at shops.


Innate Abilities, Weirdness & Mutations

You are immune to sickness and miasma.
Your stone body is resilient. (AC +4)
You are immune to poison.
You resist negative energy. (rN+)
You are resistant to electric shocks. (rElec)
You are resistant to unholy torment.
You are immune to petrification.


   Skills:
 + Level 4.1 Fighting
 - Level 7.1 Axes
 - Level 5.0 Armour
 - Level 3.2 Shields


You had 6 spell levels left.
You didn't know any spells.
Your spell library was empty.

Inventory:

Hand Weapons
 r - a +0 flail
 Y - a +0 war axe (weapon)
Armour
 a - the +1 crystal plate armour of the Eternal Void (worn) {Stlth+}
   (You acquired it on level 3 of the Dungeon)

   Stlth:     It makes you more stealthy.
 c - a +0 buckler (worn)
Jewellery
 n - an amulet of regeneration (around neck)
Scrolls
 f - 2 scrolls of identify
Potions
 d - a potion of might
 e - 2 potions of curing
 h - 2 potions of resistance
 l - a potion of lignification
 m - a potion of attraction
 p - a potion of berserk rage {unknown}

Dungeon Overview and Level Annotations

Branches:
Dungeon (5/15)
 Temple: D:4-7

Altars:
Cheibriados
Dithmenos
Yredelemnul
The Shining One

Shops:
D:3 *


Message History

The gnoll hits you but does no damage. x3
You barely miss the scorpion.
The scorpion is heavily wounded.
You hit the gnoll. You block the scorpion's attack.
The gnoll hits you but does no damage.
The scorpion stings you but does no damage.
The gnoll hits you but does no damage. The gnoll hits you with a +0 flail.
You hit the gnoll.
The gnoll is almost dead.
You closely miss the scorpion. You block the scorpion's attack.
The gnoll hits you but does no damage.
The gnoll hits you from afar with a +0 halberd.
The gnoll barely misses you.
You slash the gnoll!
You kill the gnoll!
You hit the scorpion. The scorpion stings you.
The gnoll hits you but does no damage.
The gnoll hits you from afar with a +0 spear.
The scorpion stings you but does no damage.
You hit the scorpion but do no damage.
The scorpion is severely wounded.
The gnoll hits you but does no damage. x2
The scorpion stings you but does no damage.
You barely miss the scorpion.
The scorpion is severely wounded.
The gnoll hits you from afar with a +0 halberd.
The gnoll hits you but does no damage.
The scorpion stings you but does no damage.
You hit the scorpion.
The scorpion is severely wounded.
The scorpion stings you but does no damage.
The gnoll hits you from afar with a +0 spear.
The gnoll hits you but does no damage. You block the scorpion's attack.
The gnoll hits you but does no damage. You block the gnoll's attack.
You barely miss the scorpion.
The scorpion is severely wounded.
The gnoll is no longer moving quickly.
The scorpion stings you but does no damage.
The gnoll hits you from afar with a +0 halberd.
You die...

#......# ......###
#......# #+#
#......# #.#
#......# #.#
##......#######
#.#######
................#
#)#.....###
.###########....#
#...#...... #...@#
##..###..#.#
#..)s#####..#+
+#...#
#..gg#...%.##
##..# ##...'...g##
##.# ###.#..ggg
##..# #.#...g..
#.... #.#..g....
#..#.#
#+#.....g..#..#..#
..#....#.....#.#


You could see a scorpion and 2 gnolls.

Vanquished Creatures
  A hornet (D:5)
  A phantom (D:4)
  A necrophage (D:4)
  A scorpion (D:3)
  2 jellies (D:4)
  An orc priest (D:4)
  A hound (D:5)
  A gnoll bouda (D:5)
  An iguana (D:5)
  Ijyb (D:5)
  2 orc wizards (D:4)
  4 adders
  2 gnolls (D:5)
  2 worms
  4 dart slugs
  11 orcs
  5 ball pythons
  5 bats
  12 endoplasms
  6 giant cockroaches
  9 goblins
  3 hobgoblins
  2 jackals (D:1)
  2 quokkas
  6 frilled lizards
  10 kobolds
  5 rats
  A spectral orc (D:4)
102 creatures vanquished.

Notes
Turn   | Place    | Note
-------+----------+-------------------------------------------
     0 | D:1      | qw the Gargoyle Fighter began the quest for the Orb.
     0 | D:1      | Reached XP level 1. HP: 14/14 MP: 1/1
     0 | D:1      | 0 ||| qw: Version: 0.2-a-12-gaebbb33
     0 | D:1      | 0 ||| qw: Game counter: 916
     0 | D:1      | 0 ||| qw: Always use a shield: true
     0 | D:1      | 0 ||| qw: God list: Okawaru
     0 | D:1      | 0 ||| qw: Allow faded altars: false
     0 | D:1      | 0 ||| qw: Do Orc after D:15 true
     0 | D:1      | 0 ||| qw: Do second Lair branch before Depths: true
     0 | D:1      | 0 ||| qw: Lair rune preference: random
     0 | D:1      | 0 ||| qw: Plans: Normal, Zot:1-4, God:TSO, Crypt, Tomb,
                  | Pan, Slime:5, Hells, Abyss, Orb
     0 | D:1      | 0 ||| PLANNING D:1-11
    71 | D:1      | Reached skill level 2 in Axes
   221 | D:1      | Reached XP level 2. HP: 13/19 MP: 2/2
   226 | D:1      | 226 ||| Stepping ~*~*~tactically~*~*~ (stealth).
   259 | D:1      | 259 ||| Stepping ~*~*~tactically~*~*~ (stealth).
   692 | D:1      | Reached skill level 3 in Axes
  1156 | D:1      | Reached XP level 3. HP: 23/23 MP: 3/3
  1376 | D:1      | 1376 ||| UPGRADING to amulet of regeneration.
  1381 | D:1      | 1381 ||| READING 2 scrolls labelled DEQUVOT TIDOZU.
  1382 | D:1      | 1382 ||| READING 2 scrolls labelled COLEIT AHAPN.
  1383 | D:1      | 1383 ||| DROPPING scroll of fear.
  1525 | D:2      | 1525 ||| Stepping ~*~*~tactically~*~*~ (stealth).
  1535 | D:2      | Found a faded altar of an unknown god.
  1584 | D:2      | 1584 ||| DROPPING +0 club.
  1835 | D:2      | 1835 ||| Stepping ~*~*~tactically~*~*~ (stealth).
  1958 | D:2      | 1958 ||| DROPPING +6 ring of intelligence.
  2022 | D:3      | 2022 ||| Stepping ~*~*~tactically~*~*~ (stealth).
  2027 | D:3      | 2027 ||| Stepping ~*~*~tactically~*~*~ (hiding).
  2150 | D:3      | Found Esmirijes's Assorted Antiques.
  2160 | D:3      | Reached XP level 4. HP: 28/28 MP: 4/4
  2169 | D:3      | 2169 ||| BUYING lumpy green potion (20 gold).
  2169 | D:3      | Bought a lumpy green potion for 20 gold pieces
  2169 | D:3      | 2169 ||| BUYING scroll labelled FADYUPPE TOYH (23 gold).
  2169 | D:3      | Bought a scroll labelled FADYUPPE TOYH for 23 gold pieces
  2169 | D:3      | 2169 ||| BUYING smoky cyan potion (20 gold).
  2169 | D:3      | Bought a smoky cyan potion for 20 gold pieces
  2183 | D:3      | Reached skill level 4 in Axes
  2229 | D:3      | Found a glowing golden altar of the Shining One.
  2311 | D:3      | 2311 ||| Stepping ~*~*~tactically~*~*~ (stealth).
  2314 | D:3      | 2314 ||| Stepping ~*~*~tactically~*~*~ (stealth).
  2341 | D:3      | 2341 ||| Stepping ~*~*~tactically~*~*~ (stealth).
  2356 | D:3      | 2356 ||| Stepping ~*~*~tactically~*~*~ (stealth).
  2402 | D:3      | 2402 ||| DROPPING +0 whip.
  2419 | D:3      | Found a shadowy altar of Dithmenos.
  2419 | D:3      | Found a snail-covered altar of Cheibriados.
  2531 | D:3      | Noticed a scorpion
  2535 | D:3      | Killed a scorpion
  2536 | D:3      | Reached XP level 5. HP: 32/32 MP: 5/5
  2576 | D:3      | Reached skill level 5 in Axes
  2589 | D:3      | 2589 ||| Stepping ~*~*~tactically~*~*~ (hiding).
  2735 | D:3      | 2735 ||| UPGRADING to +0 plate armour.
  2745 | D:3      | 2745 ||| DROPPING +0 scale mail.
  2746 | D:3      | 2746 ||| DROPPING amulet of magic regeneration.
  2747 | D:3      | 2747 ||| READING scroll labelled PORUJOQYDD.
  2747 | D:3      | Identified a scroll of acquirement
  2747 | D:3      | 2747 ||| ACQUIRING +1 crystal plate armour of the Eternal
                  | Void {Stlth+}
  2747 | D:3      | Acquired the +1 crystal plate armour of the Eternal Void
                  | {Stlth+}
  2749 | D:3      | 2749 ||| UPGRADING to +1 crystal plate armour of the
                  | Eternal Void {Stlth+}.
  2759 | D:3      | 2759 ||| DROPPING +0 plate armour.
  2760 | D:3      | 2760 ||| READING scroll labelled FADYUPPE TOYH.
  2764 | D:3      | 2764 ||| DRINKING 2 dark potions.
  2765 | D:3      | 2765 ||| DRINKING 2 smoky cyan potions.
  2766 | D:3      | 2766 ||| DRINKING 2 green potions.
  2767 | D:3      | 2767 ||| READING 3 scrolls of identify.
  2767 | D:3      | 2767 ||| IDENTIFYING fizzy ruby potion
  2768 | D:3      | 2768 ||| READING 2 scrolls of identify.
  2768 | D:3      | 2768 ||| IDENTIFYING clear potion
  2769 | D:3      | 2769 ||| DROPPING potion of invisibility.
  2770 | D:3      | 2770 ||| DROPPING potion of flight.
  2771 | D:3      | 2771 ||| DROPPING potion of degeneration.
  2838 | D:4      | Reached XP level 6. HP: 33/37 MP: 6/6
  2987 | D:4      | Reached XP level 7. HP: 32/43 MP: 7/7
  3054 | D:4      | Reached skill level 6 in Axes
  3421 | D:4      | Found a basalt altar of Yredelemnul.
  3432 | D:4      | 3432 ||| READING scroll labelled DUIXEMEARU.
  3433 | D:4      | 3433 ||| READING 2 scrolls labelled OSTRUAQ EREO.
  3434 | D:4      | 3434 ||| READING scroll labelled UNI OMUMIUHI.
  3435 | D:4      | 3435 ||| DRINKING 2 grey potions.
  3436 | D:4      | 3436 ||| READING 3 scrolls of identify.
  3436 | D:4      | 3436 ||| IDENTIFYING fizzy brown potion
  3437 | D:4      | 3437 ||| READING 2 scrolls of identify.
  3437 | D:4      | 3437 ||| IDENTIFYING glowing cyan potion
  3438 | D:4      | 3438 ||| DROPPING scroll of noise.
  3473 | D:5      | Entered Level 5 of the Dungeon
  3475 | D:5      | Noticed Ijyb
  3476 | D:5      | 3476 ||| Stepping ~*~*~tactically~*~*~ (hiding).
  3494 | D:5      | Killed Ijyb
  3536 | D:5      | 3536 ||| Stepping ~*~*~tactically~*~*~ (hiding).
  3537 | D:5      | 3537 ||| Stepping ~*~*~tactically~*~*~ (hiding).
  3538 | D:5      | 3538 ||| Stepping ~*~*~tactically~*~*~ (hiding).
  3549 | D:5      | HP: 7/43 [gnoll/+0 spear[a gnoll bouda] (5)]
  3550 | D:5      | 3550 ||| READING scroll of teleportation.
  3551 | D:5      | 3551 ||| DRINKING potion of heal wounds.
  3552 | D:5      | Noticed a hornet
  3560 | D:5      | HP: 10/43 [hornet (6)]
  3562 | D:5      | HP: 4/43 [hornet (6)]
  3564 | D:5      | Killed a hornet
  3610 | D:5      | 3610 ||| Stepping ~*~*~tactically~*~*~ (stealth).
  3611 | D:5      | 3611 ||| Stepping ~*~*~tactically~*~*~ (stealth).
  3622 | D:5      | Reached skill level 7 in Axes
  3629 | D:5      | HP: 10/43 [scorpion (3)]
  3632 | D:5      | HP: 3/43 [gnoll/+0 spear[a gnoll bouda] (6)]
  3633 | D:5      | Slain by a gnoll

Levels and vault maps discovered:
D:1:      amcnicky_arrival_abandoned_market, layout_loops_corners,
          chequers_serial_rivers_marsh, hangedman_decor_points,
          nicolae_figureground_pulse
D:2:      layout_loops_cross, hellmonk_ecumenical_altar_heavens_door
D:3:      minmay_chambers_of_threes, layout_rooms,
          nicolae_overflow_two_pavilions, tso_altar, serial_shops, shop,
          minmay_pentomino_pile
D:4:      layout_rooms, yredelemnul_forgotten_temple_becter
D:5:      layout_basic, nemelex_diamond_rough_becter,
          nicolae_ru_sacrificial_ziggurat, serial_shops, shop, uniq_ijyb

Skill      XL: |  1  2  3  4  5  6  7 |
---------------+----------------------+-----
Axes           | 2 3 4 5 7 |  7.1
Armour         | 4 5 |  5.0
Fighting       | 4 |  4.1
Shields        | |  3.2

Action                   |  1- 3 |  4- 6 |  7- 9 || total
-------------------------+-------+-------+-------++-------
Melee: War axe           |    81 |   146 |    91 ||   318
Throw: Boomerang         |    16 |     2 |       ||    18
  Use: Scroll            |     2 |     4 |     6 ||    12
       Potion            |       |     3 |     2 ||     5
Armor: Scale mail        |    30 |    31 |       ||    61
       Crystal plate arm |       |    51 |    92 ||   143
       Skin              |       |       |     5 ||     5
Dodge: Dodged            |    22 |    34 |    17 ||    73
Block: Buckler           |    10 |    15 |    33 ||    58

Table legend:
 A = Non-vault XP
 B = Vault XP
 C = Vault XP percentage of total XP
 D = Non-vault monster count
 E = Vault monster count
 F = Vault count percentage of total count
                 A         B        C        D         E       F
            +---------+---------+-------+---------+---------+-------
      Total |    1047 |     101 |   8.8 |      83 |      19 |  18.6
            +---------+---------+-------+---------+---------+-------
        D:1 |      35 |       0 |   0.0 |      20 |       0 |   0.0
        D:2 |      38 |       0 |   0.0 |      13 |       0 |   0.0
        D:3 |     123 |      65 |  34.6 |      16 |      17 |  51.5
        D:4 |     427 |       1 |   0.2 |      28 |       1 |   3.4
        D:5 |     424 |      35 |   7.6 |       6 |       1 |  14.3
            +---------+---------+-------+---------+---------+-------
